 Dungeon Crawl Stone Soup version 0.28-a0-1429-gf3d713df7a (webtiles) character file.

Game seed: 553587684783570449

128 HallandMoats the Shield-Bearer (level 4, -1/35 HPs)
             Began as a Demonspawn Fighter on Jan 9, 2022.
             Was a Follower of Kikubaaqudgha.
             Killed by nerve-wracking pain
             ... invoked by Grinder
              (9 damage)
             ... on level 3 of the Dungeon.
             The game lasted 00:02:50 (3081 turns).

HallandMoats the Shield-Bearer (Demonspawn Fighter) Turns: 3081, Time: 00:02:51

Health: -1/35      AC: 20    Str: 18    XL:     4   Next: 87%
Magic:  5/5        EV:  9    Int: 10    God:    Kikubaaqudgha [*.....]
Gold:   111        SH:  4    Dex: 12    Spells: 3/3 levels left

rFire   . . .      SeeInvis .   b - +2 mace (protect)
rCold   . . .      Faith    .   c - +0 buckler
rNeg    . . .      Spirit   .   o - +0 scale mail
rPois   +          Reflect  .   p - +0 helmet
rElec   .          Harm     .   (no cloak)
rCorr   .          Rampage  .   (no gloves)
Will    .....                   (no boots)
Stlth   ..........              (no amulet)
HPRegen 0.11/turn               k - ring of poison resistance
MPRegen 0.09/turn               (no ring)

@: sanguine armoured, under a protective aura
A: sanguine armour 1
a: Renounce Religion, Receive Corpses


You were on level 3 of the Dungeon.
You worshipped Kikubaaqudgha.
Kikubaaqudgha was aware of your devotion.
You visited 1 branch of the dungeon, and saw 3 of its levels.

You collected 111 gold pieces.

Inventory:

Hand Weapons
 a - a +0 war axe
 b - a +2 mace of protection (weapon)
Armour
 c - a +0 buckler (worn)
 o - a +0 scale mail (worn)
 p - a +0 helmet (worn)
Jewellery
 k - a ring of poison resistance (left hand)
 t - an amulet of regeneration
Scrolls
 e - 2 scrolls of noise {unknown}
 g - 3 scrolls of fear {unknown}
 h - 2 scrolls of identify {unknown}
 i - 2 scrolls of teleportation {unknown}
 j - 2 scrolls of vulnerability {unknown}
 l - a scroll of magic mapping {unknown}
 m - a scroll of holy word {unknown}
 r - a scroll of blinking {unknown}
Potions
 d - a potion of might
 f - a potion of berserk rage {unknown}
 n - 3 potions of mutation {unknown}
 q - 2 potions of curing {unknown}
 s - a potion of attraction {unknown}


   Skills:
 + Level 3.5 Fighting
 + Level 2.2 Axes
 + Level 3.1 Armour
 + Level 1.3 Dodging
 * Level 3.5 Shields
 + Level 2.0 Invocations


You had 3 spell levels left.
You didn't know any spells.
Your spell library contained the following spells:

 Spells                   Type           Power      Damage    Failure   Level
 Freeze                   Ice            0%         1d3       83%         1
 Pain                     Necr           0%         1d4       83%         1
 Corpse Rot               Necr/Air       0%         N/A       93%         2
 Sublimation of Blood     Necr           0%         N/A       93%         2
 Frozen Ramparts          Ice            0%         1d2       99%         3
 Vampiric Draining        Necr           0%         2d6       99%         3
 Hailstorm                Conj/Ice       0%         3d3       100%        4


Dungeon Overview and Level Annotations

Branches:
Dungeon (3/15)

Altars:
Kikubaaqudgha

Shops:
D:2 (

Annotations:
D:3 Grinder


Innate Abilities, Weirdness & Mutations

When seriously injured, your blood forms armour. (AC +6)


Message History

You closely miss Grinder.
Grinder is heavily wounded.
Grinder gestures at you. Pain shoots through your body!
You are too injured to fight recklessly!
You are too injured to fight recklessly!
You are too injured to fight recklessly!
You are too injured to fight recklessly!
You are too injured to fight recklessly!
You are too injured to fight recklessly!
You hit Grinder.
Grinder is severely wounded.
Grinder gestures at you. Pain shoots through your body!
Grinder hits you but does no damage.
You barely miss Grinder.
Grinder is severely wounded.
Grinder hits you but does no damage.
You hit Grinder but do no damage.
Grinder is severely wounded.
You block Grinder's attack.
You closely miss Grinder.
Grinder is severely wounded.
Grinder gestures at you. Pain shoots through your body!
* * * LOW HITPOINT WARNING * * *
Grinder hits you but does no damage.
You hit Grinder.
Grinder is severely wounded.
Grinder barely misses you.
You closely miss Grinder.
Grinder is severely wounded.
Grinder hits you but does no damage.
You hit Grinder.
Grinder is almost dead.
Grinder blinks!
Grinder says, "I used to sell toenails on the black market."
Grinder gestures at you. Pain shoots through your body!
You die...
Kikubaaqudgha rasps: "You have failed me!
Welcome... death!"

.......... .........>..<.#.#.
########## #.#.#[#.#.......#.
#.#.#...........#.
#.#.#.#.####......
#.#.#..†..##.##.##
#5#.###.#.##.##.# ### #.#.#
#.#.##.##.# ..# #.#.# #.#
##.##.# #.# #@#.###.# #.##.# #.#
#§...÷..# #.##.# #.# ###.#####
#.##.# #.################.#
#.#..#
#.##...[[..........#####.##.#.##
#.##.#############..)....##.#.#
#............†.....########.#.#
####.#.#.##################.#.#
####.#.#.)..................#.#


You could see Grinder.

Vanquished Creatures
  Robin (D:2)
  4 adders
  A worm (D:2)
  3 dart slugs
  An orc (D:2)
  6 ball pythons
  2 bats
  2 endoplasms (D:3)
  2 giant cockroaches (D:2)
  12 goblins
  9 hobgoblins
  4 jackals (D:1)
  6 quokkas
  8 frilled lizards
  3 kobolds
  3 rats
67 creatures vanquished.

Notes
Turn   | Place    | Note
-------+----------+-------------------------------------------
     0 | D:1      | HallandMoats the Demonspawn Fighter began the quest for the
                  | Orb.
     0 | D:1      | Reached XP level 1. HP: 18/18 MP: 1/1
   213 | D:1      | Gained mutation: When seriously injured, your blood forms
                  | armour. (AC +6) [demonic ancestry]
   213 | D:1      | Reached XP level 2. HP: 12/24 MP: 2/2
   418 | D:1      | Reached skill level 1 in Invocations
   858 | D:1      | Reached XP level 3. HP: 29/29 MP: 3/3
  1434 | D:2      | Found Beptili's Weapon Shop.
  1658 | D:2      | Noticed Robin
  1660 | D:2      | Reached XP level 4. HP: 34/35 MP: 5/5
  1667 | D:2      | Killed Robin
  1668 | D:2      | Reached skill level 1 in Dodging
  1928 | D:2      | Found a faded altar of an unknown god.
  2301 | D:2      | Prayed at the altar of an unknown god.
  2301 | D:2      | Became a worshipper of Kikubaaqudgha
  2301 | D:2      | Reached * piety under Kikubaaqudgha
  2301 | D:2      | Received a gift from Kikubaaqudgha
  2779 | D:3      | Identified the +0 leather armour of the Moneychanger {rF+}
  3067 | D:3      | Noticed Grinder
  3081 | D:3      | Killed from afar by Grinder

Illustrated notes

Levels and vault maps discovered:
D:1:      dpeg_arrival_three_same_balls, layout_rooms, minmay_misc_feat_room
D:2:      layout_loops_ring, serial_shops, nicolae_shop_window_shopping,
          shapermc_ecumenical_altar_hornbeckon, minmay_between, uniq_robin
D:3:      layout_basic, uniq_grinder

Skill      XL: |  1  2  3  4 |
---------------+-------------+-----
Shields        | 3 |  3.5
Invocations    | 1 2 |  2.0
Axes           | 2 |  2.2
Armour         | 3 |  3.1
Dodging        | 1 |  1.3
Fighting       | |  3.5

Action                   |  1- 3 |  4- 6 || total
-------------------------+-------+-------++-------
Melee: War axe           |   140 |    17 ||   157
       Mace              |       |    66 ||    66
Armor: Scale mail        |    74 |    45 ||   119
Dodge: Dodged            |    70 |    25 ||    95
Block: Buckler           |    45 |    12 ||    57

Table legend: (Time is in decaauts)
 A = Elapsed time spent in this place.
 B = Non-inter-level travel time spent in this place.
 C = Inter-level travel time spent in this place.
 D = Time resting spent in this place.
 E = Time spent auto-exploring this place.
 F = Levels seen in this place.
 G = Mean time per level.
                   A        B        C        D        E       F      G
               +--------+--------+--------+--------+--------+-----+--------+
         Total |   3188 |   2959 |    229 |      0 |   2429 |   3 | 1062.7 |
       Dungeon |   3188 |   2959 |    229 |      0 |   2429 |   3 | 1062.7 |
               +--------+--------+--------+--------+--------+-----+--------+

Top non-repeatable levels by time:
     D:2: 1338 daAuts
     D:1: 1117 daAuts
     D:3: 732 daAuts
